 Dungeon Crawl Stone Soup version 0.19.1-1-g22dce08 (webtiles) character file.

57 Rrauwl the Magician (level 3, -2/29 HPs)
             Began as a Draconian Wanderer on Jan 15, 2017.
             Killed by nerve-wracking pain
             ... invoked by an orc priest
              (4 damage)
             ... on level 3 of the Dungeon.
             The game lasted 00:13:02 (1880 turns).

Rrauwl the Magician (Draconian Wanderer)            Turns: 1880, Time: 00:13:03

Health: -2/29      AC:  5    Str: 14    XL:     3   Next: 73%
Magic:  8/8        EV: 11    Int: 12    God:
Gold:   81         SH:  0    Dex: 11    Spells: 1 memorised, 8 levels left

rFire  . . .     SeeInvis .     k - +0 short sword
rCold  . . .     Gourm    .     (armour unavailable)
rNeg   . . .     Faith    .     (no shield)
rPois  .         Spirit   .     (helmet restricted)
rElec  .         Reflect  .     (no cloak)
rCorr  .         Harm     .     (no gloves)
MR     .....                    (no boots)
Stlth  ++........               (no amulet)
                                (no ring)
                                (no ring)

@: no status effects
A: unfitting armour, cold-blooded, AC +5
a: no special abilities


You were on level 3 of the Dungeon.
You were not hungry.

You visited 1 branch of the dungeon, and saw 3 of its levels.

You collected 81 gold pieces.

Inventory:

Hand Weapons
 k - a +0 short sword (weapon)
Armour
 d - a +0 cloak
Scrolls
 e - a scroll of blinking
 g - a scroll of enchant armour
 i - 4 scrolls of identify
Books
 a - a book of Minor Magic

   Spells                             Type                      Level
   a - Magic Dart                     Conjuration                  1
   b - Blink                          Translocation                2
   c - Call Imp                       Summoning                    2
   d - Repel Missiles                 Charms/Air                   2
   e - Slow                           Hexes                        2
   f - Conjure Flame                  Conjuration/Fire             3
   g - Mephitic Cloud                 Conjuration/Poison/Air       3
 b - Plog's Collected Works on Illusion

   Spells                             Type                      Level
   a - Summon Butterflies             Summoning                    1
   b - Recall                         Summoning/Translocation      3
 c - the Papyrus of Exhibitionism

   Spells                             Type                      Level
   a - Sticks to Snakes               Transmutation                2
   b - Passwall                       Transmutation/Earth          2
Comestibles
 f - a bread ration
 l - a meat ration


   Skills:
 + Level 1.8 Fighting
 + Level 1.0(1.2) Short Blades
   Level 1.0(1.2) Long Blades
 - Level 3.1 Stealth
 + Level 3.5 Spellcasting
 + Level 1.4 Conjurations
   Level 2.0 Transmutations


You had 8 spell levels left.
You knew the following spells:

 Your Spells              Type           Power        Failure   Level  Hunger
a - Magic Dart            Conj           #...         14%         1    #......


Dungeon Overview and Level Annotations

Branches:
Dungeon (3/15)

Altars:


Innate Abilities, Weirdness & Mutations

Your plain brown scales are hard. (AC +5)
You cannot fit into any form of body armour.
You are cold-blooded and may be slowed by cold attacks.


Message History

The orc priest hits you but does no damage.
You completely miss the orc. The orc hits you but does no damage.
The orc priest hits you but does no damage.
You closely miss the orc. You tail-slap the orc.
The orc is moderately wounded.
The orc hits you with a mace.
* * * LOW HITPOINT WARNING * * *
The orc priest barely misses you.
You hit the orc but do no damage.
The orc is moderately wounded.
The orc closely misses you. The orc priest hits you.
* * * LOW HITPOINT WARNING * * *
You hit the orc but do no damage.
The orc is moderately wounded.
The orc closely misses you. The orc priest closely misses you.
You hit the orc.
The orc is almost dead.
The orc priest calls down the wrath of Beogh upon you.
Pain shoots through your body!
You die...

#<# #.##
#.####.###..#####
#................
#.#####.......###
#####.%.....#
..<.......?..#
.####........#####
#.............
##...†@o.####
###.#o###
#.#...o.!..
.........o.
............
.#.########.# #.#.
# # .. .


You could see an orc priest and an orc.

Vanquished Creatures
  A dart slug (D:1)
  A leopard gecko (D:2)
  2 orcs (D:3)
  3 giant cockroaches
  3 goblins (D:1)
  7 hobgoblins
  7 jackals
  9 bats
  3 frilled lizards (D:1)
  5 kobolds
  4 rats
45 creatures vanquished.

Notes
Turn   | Place    | Note
-------+----------+-------------------------------------------
     0 | D:1      | Rrauwl the Draconian Wanderer began the quest for the Orb.
     0 | D:1      | Rrauwl set off with: a book of Minor Magic, Plog's Collected Works on Illusion, the Papyrus of Exhibitionism, a +0 club, a +0 dagger, a bread ration
     0 | D:1      | Reached XP level 1. HP: 16/16 MP: 4/4
     0 | D:1      | Identified Plog's Collected Works on Illusion
     0 | D:1      | Identified the Papyrus of Exhibitionism
    25 | D:1      | Learned a level 1 spell: Magic Dart
   304 | D:1      | Reached XP level 2. HP: 21/23 MP: 4/6
   557 | D:1      | Reached skill level 1 in Conjurations
   782 | D:1      | Learned a level 1 spell: Magic Dart
   840 | D:1      | Reached XP level 3. HP: 24/28 MP: 7/7
  1869 | D:3      | Reached skill level 1 in Short Blades
  1880 | D:3      | Killed from afar by an orc priest

Skill      XL: |  1  2  3 |
---------------+----------+-----
Stealth        | 3 |  3.1
Conjurations   | 1 |  1.4
Short Blades   | 1 |  1.0
Fighting       | |  1.8
Long Blades    | |  1.0
Spellcasting   | |  3.5
Transmutations | |  2.0

Action                   || total
-------------------------++-------
Melee: Dagger            ||    49
       Tailslap          ||    20
       Short sword       ||   123
 Cast: Magic Dart        ||    33
  Use: Scroll            ||     5
       Potion            ||     3
 Stab: Sleeping          ||     4
  Eat: Chunk             ||     3
       Beef jerky        ||     1
Armor: Skin              ||    56
Dodge: Dodged            ||   107
